 Dungeon Crawl Stone Soup version 0.30-a0-241-g1121274140 (webtiles) character file.

Game seed: 12717528610101823878

563 sleeves the Covered (level 7, -8/52 HPs)
             Began as a Demonspawn Cinder Acolyte on Oct 10, 2022.
             Was a High Priest of Ignis.
             Mangled by an iron imp (9 damage)
             ... summoned by Eustachio
             ... on level 4 of the Dungeon.
             The game lasted 00:05:15 (4027 turns).

sleeves the Covered (Demonspawn Cinder Acolyte)     Turns: 4027, Time: 00:05:16

Health: -8/52      AC:  8    Str: 17    XL:     7   Next: 10%
Magic:  8/8        EV: 10    Int: 15    God:    Ignis [*****.]
Gold:   148        SH:  0    Dex:  8    Spells: 8/8 levels left

rFire   + . .      SeeInvis .    a - -1 falchion (flame)
rCold   . . .      Faith    .    (no shield)
rNeg    . . .      Spirit   .    p - +0 ring mail
rPois   .          Reflect  .    (no helmet)
rElec   .          Harm     .    s - +0 cloak
rCorr   .          Rampage  .    (no gloves)
Will    .....                    (no boots)
Stlth   ..........               (no amulet)
HPRegen 0.28/turn                (no ring)
MPRegen 0.11/turn                (no ring)

@: no status effects
A: hooves 1, demonic guardian 2, powered by death 1, sharp scales 1
a: Renounce Religion, Fiery Armour, Foxfire Swarm, Rising Flame


You were on level 4 of the Dungeon.
You worshipped Ignis.
Ignis was extremely pleased with you.
You visited 1 branch of the dungeon, and saw 4 of its levels.

You collected 148 gold pieces.

Inventory:

Hand Weapons
 a - a -1 falchion of flaming (weapon)
 d - a +0 glaive
   (You found it on level 3 of the Dungeon)
Missiles
 l - 4 poisoned darts
 m - a silver boomerang (quivered)
 n - 4 javelins
Armour
 p - a +0 ring mail (worn)
   (You found it on level 2 of the Dungeon)
 s - a +0 cloak (worn)
   (You found it on level 2 of the Dungeon)
Magical Staves
 j - a staff of air
   (You found it on level 2 of the Dungeon)
Wands
 v - a wand of flame (1)
   (You took it off Grinder on level 3 of the Dungeon)
Scrolls
 e - a scroll of teleportation {unknown}
 f - 4 scrolls of amnesia {unknown}
 g - 2 scrolls of magic mapping {unknown}
 h - a scroll of fear {unknown}
 i - 4 scrolls of fog {unknown}
 k - a scroll of silence {unknown}
 q - 2 scrolls of immolation {unknown}
 r - 2 scrolls of vulnerability {unknown}
 t - a scroll of identify {unknown}
 x - a scroll of poison {unknown}
Potions
 b - a potion of heal wounds {unknown}
 c - a potion of resistance
 o - 2 potions of curing {unknown}
 u - a potion of berserk rage {unknown}
 w - 2 potions of brilliance {unknown}


   Skills:
 - Level 3.0 Fighting
 + Level 4.3 Long Blades
 + Level 5.8 Armour
 - Level 1.0 Spellcasting
 - Level 2.6 Fire Magic


You had 8 spell levels left.
You didn't know any spells.
Your spell library contained the following spells:

 Spells                   Type           Power      Damage    Failure   Level
 Scorch                   Fire           16%        2d5       22%         2
 Blink                    Tloc           0%         N/A       54%         2
 Tukima's Dance           Hex            0%         N/A       77%         3
 Manifold Assault         Tloc           0%         N/A       99%         4
 Passage of Golubria      Tloc           0%         N/A       99%         4
 Yara's Violent Unravell  Hex/Tmut       0%         3d3       100%        5
 Storm Form               Tmut/Air       0%         N/A       100%        7


Dungeon Overview and Level Annotations

Branches:
Dungeon (4/15)
 Temple: D:4-7

Altars:
Dithmenos
Qazlal

Annotations:
D:4 Eustachio


Innate Abilities, Weirdness & Mutations

You have large cloven feet.
A demonic guardian rushes to your aid.
You regenerate a little health from kills.
You are partially covered in razor-sharp scales. (AC +1, Slay +1)


Message History

You barely resist.
Jessica is nearby!
Jessica is nearby!
Found a murky puce potion.
Jessica says, "I'm really upset."
You hit Jessica but do no damage. Your kick misses Jessica.
Jessica drinks a potion.
Jessica suddenly seems more resistant.
You hit Jessica but do no damage. Your kick misses Jessica.
Jessica hits you but does no damage.
You hit Jessica but do no damage.
Jessica grins evilly.
Jessica hits you but does no damage.
You hit Jessica. Your kick misses Jessica. You punch Jessica.
Jessica is heavily wounded.
Jessica barely misses you.
You hit Jessica but do no damage.
Jessica is heavily wounded.
Jessica closely misses you.
You closely miss Jessica. Your kick misses Jessica.
Jessica is heavily wounded.
Jessica misses you.
You slash Jessica! You burn Jessica.
You kill Jessica!
No target in view!
No target in view!
No target in view!
No target in view!
No target in view!
No target in view!
Things that are here:
a +0 club; a +2 robe; the human corpse of Jessica
x - a +2 robe You start removing your armour.
You continue taking off your +0 ring mail. x4
You finish taking off your +0 ring mail.
You start putting on your armour.
You continue putting on your +2 robe. x5
You finish putting on your +2 robe.
You drop a +0 robe.
You drop a +0 ring mail.
Search for what [Enter for "weap", or ? for help]? armor
p - a +0 ring mail You start removing your armour.
You continue taking off your +2 robe. x4
You finish taking off your +2 robe.
You start putting on your armour.
You continue putting on your +0 ring mail. x5
You finish putting on your +0 ring mail.
You drop a +2 robe.
b - a murky puce potion
There is a stone staircase leading up here.
You see here 5 stones.
Found an escape hatch in the floor.
Partly explored, can't reach some items and places.
Partly explored, can't reach some items and places.
(D) Dungeon
Where to? (Enter - D:3 @ (x,y), ? - help)
There is a stone staircase leading down here.
You climb downwards.
The bullfrog gives a loud, deep croak!
The jackal barks! x3
Found a scroll labelled JUOPPUG RANYCK and an Inescapable Atlas.
There is a stone staircase leading up here.
There are monsters nearby!
There are monsters nearby!
There are monsters nearby!
There are monsters nearby!
You hit the quokka. You burn the quokka.
You kill the quokka!
You hit the bullfrog. You burn the bullfrog.
The bullfrog is moderately wounded.
The bullfrog hits you but does no damage.
The bullfrog hits you.
You barely miss the bullfrog. Your kick misses the bullfrog.
The bullfrog is moderately wounded.
The bullfrog hits you. The jackal barely misses you.
You hit the bullfrog but do no damage. Your kick misses the bullfrog.
The bullfrog is moderately wounded.
The bullfrog hits you but does no damage.
The jackal bites you but does no damage.
The bullfrog barely misses you. The jackal bites you. The bullfrog hits you.
The jackal bites you but does no damage.
The jackal bites you. The bullfrog misses you.
You climb upwards.
There is a stone staircase leading down here.
The bullfrog attacks as you move away! The bullfrog barely misses you.
The jackal bites you but does no damage.
You hit the jackal. You burn the jackal.
You kill the jackal!
The bullfrog barely misses you.
You hit the bullfrog. You burn the bullfrog. You kick the bullfrog.
The bullfrog is heavily wounded.
The bullfrog closely misses you. The bullfrog hits you.
A demonic guardian appears!
You barely miss the bullfrog. Your kick misses the bullfrog.
The bullfrog is heavily wounded.
The bullfrog hits you!
You are too injured to fight recklessly!
You are too injured to fight recklessly!
You are too injured to fight recklessly!
You are too injured to fight recklessly!
You are too injured to fight recklessly!
You are too injured to fight recklessly!
You are too injured to fight recklessly!
You are too injured to fight recklessly!
You are too injured to fight recklessly!
You are too injured to fight recklessly!
You are too injured to fight recklessly!
You are too injured to fight recklessly!
You are too injured to fight recklessly!
You are too injured to fight recklessly!
You are too injured to fight recklessly!
You are too injured to fight recklessly!
You are too injured to fight recklessly!
You barely miss the bullfrog. Your kick misses the bullfrog.
The bullfrog is heavily wounded.
The bullfrog barely misses you.
Your iron imp closely misses the bullfrog.
The bullfrog barely misses you.
You hit the bullfrog. You burn the bullfrog. Your kick misses the bullfrog.
The bullfrog is almost dead.
The bullfrog misses you.
Your iron imp closely misses the bullfrog.
The bullfrog closely misses you.
You closely miss the bullfrog. Your kick misses the bullfrog.
The bullfrog is almost dead.
The bullfrog barely misses you.
Your iron imp hits the bullfrog!
The bullfrog dies!
Your Long Blades skill increases to level 4!
You closely miss the jackal. You kick the jackal.
The jackal is heavily wounded.
The jackal bites you but does no damage.
Your iron imp barely misses the jackal.
The jackal bites you but does no damage.
You hit the jackal. You burn the jackal.
You kill the jackal!
You swap places.
There is a stone staircase leading down, spattered with blood here.
You see here a jackal corpse.
You start resting.
Your iron imp disappears in a puff of smoke!
HP restored.
You climb downwards.
The jackal bites you but does no damage. x2
The jackal closely misses you. x2
There is a stone staircase leading up here.
You hit the jackal. You burn the jackal. You kick the jackal.
You kill the jackal!
The jackal bites you but does no damage.
The jackal bites you.
A demonic guardian appears!
You barely miss the jackal. You kick the jackal.
The jackal is moderately wounded.
Your ufetubus closely misses the jackal.
Your ufetubus hits the jackal.
The jackal bites you but does no damage.
You completely miss the jackal.
The jackal is severely wounded.
Your ufetubus hits the jackal.
The jackal dies!
No target in view!
No target in view!
No target in view!
No target in view!
No target in view!
No target in view!
No target in view!
No target in view!
No target in view!
No target in view!
No target in view!
No target in view!
x - a scroll labelled JUOPPUG RANYCK You pick up an Inescapable Atlas and begin reading...
You add the spells Blink, Manifold Assault and Storm Form to your library.
Found a stone staircase leading down.
Found a stone.
You now have 148 gold pieces (gained 14).
Your ufetubus disappears in a puff of smoke!
An orc comes into view. It is wielding a +0 hand axe.
The orc shouts!
An orc is nearby!
An orc is nearby!
An orc is nearby!
Found a scroll labelled OCLOAXK ADONT.
The orc hits you but does no damage.
A kobold comes into view. It is wielding a +0 dagger.
The kobold shouts!
You hit the orc. You burn the orc. Your kick misses the orc.
The orc is heavily wounded.
The orc hits you but does no damage.
You barely miss the orc.
The orc is moderately wounded.
The orc closely misses you.
You hit the orc. You burn the orc.
The orc is almost dead.
The orc hits you with a +0 hand axe.
You barely miss the orc.
The orc is almost dead.
The orc closely misses you. The orc hits you but does no damage.
You barely miss the orc.
The orc is almost dead.
The orc hits you but does no damage.
You closely miss the orc.
The orc is almost dead.
The kobold misses you. The orc closely misses you.
You closely miss the orc.
The orc is almost dead.
The orc hits you but does no damage. The kobold hits you but does no damage.
You hit the orc. You burn the orc.
You kill the orc!
The kobold closely misses you.
You closely miss the kobold. Your kick misses the kobold.
The kobold closely misses you.
You hit the kobold. You burn the kobold.
The kobold is severely wounded.
The kobold hits you but does no damage.
You barely miss the kobold.
The kobold is severely wounded.
The kobold barely misses you.
You slash the kobold! You burn the kobold.
You kill the kobold!
No target in view!
No target in view!
No target in view!
No target in view!
No target in view!
No target in view!
No target in view!
No target in view!
g - 2 scrolls labelled OCLOAXK ADONT (gained 1)
An endoplasm comes into view.
The endoplasm quivers.
An endoplasm is nearby!
An endoplasm is nearby!
The endoplasm hits you.
You hit the endoplasm. You burn the endoplasm.
You kill the endoplasm!
No target in view!
No target in view!
You enter the shallow water.
Moving in this stuff is going to be slow.
You enter the shallow water.
Moving in this stuff is going to be slow.
You enter the shallow water.
Moving in this stuff is going to be slow.
You enter the shallow water.
Moving in this stuff is going to be slow.
You enter the shallow water.
Moving in this stuff is going to be slow.
You enter the shallow water.
Moving in this stuff is going to be slow.
You open the door.
An iguana comes into view.
The iguana hisses angrily.
An iguana is nearby!
An iguana is nearby!
There is an open door here.
Found a sling.
You hit the iguana. You burn the iguana. Your kick misses the iguana.
The iguana is moderately wounded.
The iguana bites you!
You closely miss the iguana. You kick the iguana, but do no damage.
The iguana is moderately wounded.
The iguana barely misses you. x2
You hit the iguana but do no damage. Your kick misses the iguana.
The iguana is moderately wounded.
The iguana closely misses you.
You barely miss the iguana.
The iguana is moderately wounded.
The iguana bites you but does no damage.
You closely miss the iguana. You kick the iguana.
The iguana is moderately wounded.
The iguana bites you.
You hit the iguana. You burn the iguana.
The iguana is heavily wounded.
The iguana bites you!
You are too injured to fight recklessly!
You are too injured to fight recklessly!
You are too injured to fight recklessly!
You are too injured to fight recklessly!
You are too injured to fight recklessly!
You are too injured to fight recklessly!
You are too injured to fight recklessly!
You are too injured to fight recklessly!
You are too injured to fight recklessly!
You are too injured to fight recklessly!
You are too injured to fight recklessly!
You are too injured to fight recklessly!
You closely miss the iguana. You kick the iguana.
The iguana is almost dead.
The iguana closely misses you.
You barely miss the iguana.
The iguana is almost dead.
The iguana bites you but does no damage.
You hit the iguana. You burn the iguana.
You kill the iguana!
HP restored.
You see here an iguana corpse.
An endoplasm comes into view.
The endoplasm quivers.
An endoplasm is nearby!
An endoplasm is nearby!
The endoplasm freezes you.
You are frozen.
You barely miss the endoplasm. You kick the endoplasm.
The endoplasm is almost dead.
The endoplasm hits you but does no damage.
You completely miss the endoplasm. You kick the endoplasm.
You kill the endoplasm!
No target in view!
No target in view!
No target in view!
No target in view!
No target in view!
No target in view!
Found a stone staircase leading up.
An endoplasm comes into view.
The endoplasm quivers.
An endoplasm is nearby!
An endoplasm is nearby!
The endoplasm closely misses you.
You hit the endoplasm. You burn the endoplasm.
You kill the endoplasm!
No target in view!
No target in view!
No target in view!
No target in view!
No target in view!
No target in view!
No target in view!
You open the door.
Found a falchion.
Found an escape hatch in the floor.
There is an open door here.
There is an open door here.
A worm comes into view.
A worm is nearby!
You hit the worm but do no damage. You slash the worm! You burn the worm.
The worm is heavily wounded.
The worm closely misses you.
You hit the worm. You burn the worm. You punch the worm, but do no damage.
The worm is severely wounded.
The worm bites you but does no damage.
You barely miss the worm. You kick the worm.
The worm is almost dead.
You hit the worm but do no damage.
The worm is almost dead.
The worm bites you.
You barely miss the worm. You kick the worm.
You kill the worm!
No target in view!
No target in view!
No target in view!
A necrophage comes into view.
You see here a worm corpse.
A necrophage is nearby!
A necrophage is nearby!
The necrophage hits you but does no damage.
You closely miss the necrophage.
The necrophage hits you but does no damage.
You hit the necrophage. You burn the necrophage. You kick the necrophage.
The necrophage is moderately damaged.
The necrophage hits you but does no damage.
You hit the necrophage but do no damage.
Your kick misses the necrophage.
The necrophage is moderately damaged.
The necrophage hits you but does no damage.
You hit the necrophage but do no damage.
You kick the necrophage.
The necrophage is moderately damaged.
The necrophage barely misses you.
You barely miss the necrophage.
The necrophage is moderately damaged.
The necrophage hits you.
You slash the necrophage! You burn the necrophage.
Your kick misses the necrophage.
The necrophage is severely damaged.
The necrophage closely misses you.
You hit the necrophage but do no damage.
The necrophage is severely damaged.
The necrophage completely misses you.
You closely miss the necrophage. You kick the necrophage.
The necrophage is severely damaged.
The necrophage barely misses you.
You closely miss the necrophage.
The necrophage is severely damaged.
The necrophage hits you but does no damage.
You closely miss the necrophage. You kick the necrophage.
The necrophage is almost destroyed.
The necrophage hits you but does no damage.
The necrophage barely misses you.
You hit the necrophage. You burn the necrophage.
You destroy the necrophage!
You have reached level 7!
Your demonic ancestry asserts itself...
Your guardian grows in power.
As you open the door, it creaks loudly!
There is an open door here.
There is an open door here.
You open the door.
There is an open door here.
Eustachio the Magnificent comes into view.
He is wielding a +0 rapier and wearing a +2 leather armour of cold resistance.
Eustachio shouts!
Eustachio gestures wildly while chanting.
Eustachio blinks!
Eustachio is nearby!
Eustachio is nearby!
Found a glowing whip.
An endoplasm comes into view.
Eustachio gestures wildly while chanting.
There is an open door here.
Eustachio gestures wildly while chanting.
Eustachio blinks!
You see here a worm corpse.
The shadow imp shouts, "Get thee hence, thou puny dizzy-eyed lewdster!"
The crimson imp blinks!
The ufetubus hits you.
A demonic guardian appears!
The ufetubus barely misses you.
You miss the ufetubus.
The crimson imp disappears in a puff of smoke!
The ufetubus hits you. The ufetubus closely misses you.
You hit the ufetubus. You burn the ufetubus.
You kill the ufetubus!
The ufetubus disappears in a puff of smoke!
You hit the shadow imp. You burn the shadow imp.
The shadow imp is severely wounded.
The shadow imp barely misses you.
You barely miss the shadow imp.
The shadow imp is severely wounded.
Your rust devil hits the shadow imp.
The shadow imp dies!
The shadow imp disappears in a puff of smoke!
Eustachio screams, "At last I'll have my revenge!"
You see here a worm corpse.
Eustachio gestures wildly while chanting.
The crimson imp hits you but does no damage.
You hit the crimson imp. Your kick misses the crimson imp.
The crimson imp is lightly wounded.
The ufetubus hits you.
The ufetubus hits you but does no damage.
Eustachio casts a spell.
Your rust devil hits the ufetubus!
The ufetubus dies!
The ufetubus disappears in a puff of smoke!
The crimson imp closely misses you.
You closely miss the crimson imp. The bat barely misses you.
Your rust devil misses the bat.
The bat barely misses your rust devil.
The crimson imp hits you but does no damage.
The white imp grins evilly.
The white imp hits you but does no damage.
You miss the crimson imp. Your kick misses the crimson imp.
The bat barely misses you. The bat hits you but does no damage.
Eustachio gestures wildly while chanting.
Your rust devil hits the bat!
The bat dies!
The bat's corpse disappears in a puff of smoke!
The white imp closely misses you.
The crimson imp hits you but does no damage.
The white imp closely misses you.
The crimson imp blinks!
You barely miss the white imp. Your kick misses the white imp.
Your rust devil misses the white imp.
The iron imp closely misses you. The white imp gestures at you.
The puff of frost hits you! The rat bites you but does no damage.
You closely miss the white imp. Your kick misses the white imp.
Your rust devil hits the white imp.
Your rust devil corrodes the white imp!
The iron imp hits you. The crimson imp misses you.
The white imp closely misses you. The rat bites you but does no damage.
You closely miss the white imp. Your kick misses the white imp.
The white imp is heavily wounded.
Your rust devil hits the white imp.
The white imp seems to be corroded for longer.
The white imp hits you. The white imp freezes you.
The crimson imp hits you but does no damage.
The rat barely misses you. The iron imp barely misses you.
Your rust devil barely misses the white imp.
You hit the white imp. You burn the white imp.
You kill the white imp!
The white imp disappears in a puff of smoke!
Your rust devil disappears in a puff of smoke!
The crimson imp hits you but does no damage.
The rat bites you but does no damage. The iron imp closely misses you.
You miss Eustachio. The crimson imp hits you. The rat closely misses you.
Eustachio mumbles some strange words.
The iron imp hits you but does no damage.
The crimson imp hits you but does no damage.
The crimson imp disappears in a puff of smoke!
Eustachio screams, "Hey, you killed my favourite bat!"
You see here a worm corpse.
Eustachio attacks as you move away! Eustachio barely misses you.
The bat hits you. The bat attacks as you move away! The bat hits you.
The bat hits you but does no damage.
There is a stone staircase leading down here.
The bat hits you but does no damage. The bat attacks as you move away!
The bat completely misses you. The bat hits you but does no damage.
The bat hits you.
Eustachio mumbles some strange words.
The bat hits you. The bat hits you but does no damage.
The rat attacks as you move away! The rat bites you.
* * * LOW HITPOINT WARNING * * *
The bat hits you but does no damage. The bat closely misses you.
Eustachio casts a spell.
Eustachio blinks!
Eustachio hits you with a +0 rapier.
* * * LOW HITPOINT WARNING * * *
Eustachio closely misses you. The bat closely misses you.
Eustachio attacks as you move away! Eustachio hits you with a +0 rapier.
* * * LOW HITPOINT WARNING * * *
The bat barely misses you.
Eustachio mumbles some strange words.
Eustachio blinks!
The bat misses you. The bat attacks as you move away!
The bat closely misses you. The bat barely misses you.
The bat completely misses you.
Eustachio mumbles some strange words.
Eustachio blinks!
The bat closely misses you.
There is a stone staircase leading up here.
The crimson imp blinks!
You climb upwards.
There is a stone staircase leading down, spattered with blood here.
You see here a jackal skeleton.
You start resting.
HP restored.
You start waiting.
Done waiting.
You climb downwards.
Level annotation: Eustachio Eustachio mumbles some strange words.
There is a stone staircase leading up here.
The crimson imp closely misses you.
You closely miss Eustachio. Your kick misses Eustachio.
Eustachio casts a spell.
Eustachio blinks!
The crimson imp hits you but does no damage.
You closely miss the crimson imp. Your kick misses the crimson imp.
The crimson imp hits you but does no damage.
You hit the crimson imp. You kick the crimson imp.
The crimson imp is severely wounded.
The crimson imp hits you but does no damage.
You hit the crimson imp. You kick the crimson imp.
You kill the crimson imp!
The crimson imp disappears in a puff of smoke!
Eustachio casts a spell.
You hit the iron imp but do no damage. Your kick misses the iron imp.
You barely miss Eustachio. You kick Eustachio, but do no damage.
The iron imp hits you!
Eustachio casts a spell.
You barely miss Eustachio. The iron imp hits you. Eustachio barely misses you.
The ufetubus hits you. The ufetubus barely misses you.
The rat closely misses you.
You closely miss Eustachio. Your kick misses Eustachio.
The ufetubus barely misses you. The ufetubus misses you.
Eustachio hits you with a +0 rapier. The iron imp hits you.
The rat bites you but does no damage.
You are too injured to fight recklessly!
You are too injured to fight recklessly!
You closely miss Eustachio. The ufetubus hits you.
The ufetubus hits you but does no damage.
Eustachio hits you with a +0 rapier. The iron imp hits you!
* * * LOW HITPOINT WARNING * * *
A demonic guardian appears!
The ufetubus closely misses you.
The ufetubus hits you but does no damage.
The rat bites you.
* * * LOW HITPOINT WARNING * * *
You hit Eustachio but do no damage. Your kick misses Eustachio.
The ufetubus misses you. The ufetubus closely misses you.
Eustachio hits you with a +0 rapier.
* * * LOW HITPOINT WARNING * * *
The rat bites you but does no damage.
The iron imp hits you but does no damage.
Your ice devil misses the ufetubus.
Eustachio attacks as you move away! Eustachio hits you with a +0 rapier.
* * * LOW HITPOINT WARNING * * *
The rat attacks as you move away! The rat closely misses you.
Eustachio casts a spell.
Eustachio blinks!
The white imp gestures at you. The puff of frost misses you.
The ufetubus barely misses you.
The ufetubus hits you but does no damage.
The iron imp shouts, "Escape, thou mangled beetle-headed canker-blossom!"
The rat barely misses you.
Your ice devil hits the quokka.
The quokka dies!
The quokka's corpse disappears in a puff of smoke!
There is a stone staircase leading up here.
The ufetubus barely misses you. x2; The rat barely misses you.
Your ice devil hits the white imp!
Your ice devil freezes the white imp.
The white imp resists.
You climb upwards.
There is a stone staircase leading down, spattered with blood here.
You see here a jackal skeleton.
You start resting.
HP restored.
You start waiting.
Done waiting.
You start waiting.
Done waiting.
You climb downwards.
Level annotation: Eustachio Eustachio hits you with a +0 rapier.
Eustachio hits you with a +0 rapier!
There is a stone staircase leading up, spattered with blood here.
You barely miss Eustachio. Eustachio closely misses you.
You hit Eustachio but do no damage. Eustachio hits you with a +0 rapier.
You hit Eustachio but do no damage.
Eustachio mumbles some strange words.
You hit Eustachio but do no damage. You kick Eustachio.
Eustachio is lightly wounded.
Eustachio hits you with a +0 rapier. The rat bites you.
You are too injured to fight recklessly!
You are too injured to fight recklessly!
You closely miss Eustachio.
Eustachio is lightly wounded.
Eustachio barely misses you. The rat bites you but does no damage.
The rat barely misses you. The quokka barely misses you.
Eustachio closely misses you. The rat closely misses you. The rat bites you.
You climb upwards.
The rat disappears in a puff of smoke! x2
The quokka disappears in a puff of smoke!
There is a stone staircase leading down, spattered with blood here.
You closely miss Eustachio.
Eustachio is lightly wounded.
Eustachio closely misses you.
You slash Eustachio! You burn Eustachio. Your kick misses Eustachio.
Eustachio is moderately wounded.
Eustachio mumbles some strange words.
Eustachio blinks!
You miss Eustachio. You kick Eustachio, but do no damage.
Eustachio is moderately wounded.
Eustachio casts a spell.
You closely miss Eustachio. You kick Eustachio, but do no damage.
Eustachio is moderately wounded.
Eustachio mumbles some strange words.
Eustachio blinks!
The iron imp shouts, "Get thee hence, thou puny milk-livered mule!"
The shadow imp barely misses you. The shadow imp barely misses you.
The shadow imp closely misses you.
There is a stone staircase leading down, spattered with blood here.
You hit Eustachio but do no damage.
Eustachio is moderately wounded.
Eustachio asks, "How can you live without manners, virtues and honour?"
Eustachio casts a spell.
The iron imp hits you but does no damage.
The shadow imp hits you but does no damage.
You hit Eustachio but do no damage. Your kick misses Eustachio.
Eustachio is moderately wounded.
The shadow imp disappears in a puff of smoke!
Eustachio hits you with a +0 rapier. The iron imp hits you.
* * * LOW HITPOINT WARNING * * *
Eustachio barely misses you.
The crimson imp hits you but does no damage.
You climb downwards.
The iron imp disappears in a puff of smoke!
The ufetubus disappears in a puff of smoke!
The crimson imp disappears in a puff of smoke!
There is a stone staircase leading up, spattered with blood here.
You hit Eustachio. You burn Eustachio.
Eustachio is moderately wounded.
Eustachio hits you with a +0 rapier.
* * * LOW HITPOINT WARNING * * *
Eustachio barely misses you.
You hit Eustachio but do no damage. You kick Eustachio, but do no damage.
Eustachio is moderately wounded.
Eustachio gestures wildly while chanting.
You miss Eustachio. Your kick misses Eustachio.
Eustachio is moderately wounded.
Eustachio casts a spell.
The crimson imp closely misses you.
The iron imp disappears in a puff of smoke!
The ufetubus barely misses you. x2
Eustachio casts a spell.
Eustachio blinks!
The crimson imp hits you but does no damage.
You climb upwards.
There is a stone staircase leading down, spattered with blood here.
You start resting.
HP restored.
You climb downwards.
Level annotation: Eustachio Eustachio gestures wildly while chanting.
There is a stone staircase leading up, spattered with blood here.
You hit the iron imp. Your kick misses the iron imp.
The iron imp is lightly wounded.
Eustachio screams, "At last I'll have my revenge!"
Eustachio hits you but does no damage.
The iron imp hits you but does no damage.
The shadow imp hits you.
You climb upwards.
The iron imp disappears in a puff of smoke!
The white imp disappears in a puff of smoke!
The shadow imp disappears in a puff of smoke!
There is a stone staircase leading down, spattered with blood here.
You completely miss Eustachio. You kick Eustachio, but do no damage.
Eustachio is lightly wounded.
Eustachio hits you with a +0 rapier.
You closely miss Eustachio. Your kick misses Eustachio.
Eustachio is lightly wounded.
Eustachio hits you with a +0 rapier. Eustachio hits you but does no damage.
You hit Eustachio. You burn Eustachio. Your kick misses Eustachio.
Eustachio is lightly wounded.
Eustachio gestures wildly while chanting.
Eustachio blinks!
Eustachio mumbles some strange words.
You barely miss Eustachio. Your kick misses Eustachio.
Eustachio is lightly wounded.
Eustachio hits you with a +0 rapier!
You hit Eustachio. You burn Eustachio. You kick Eustachio, but do no damage.
Eustachio is moderately wounded.
Eustachio hits you with a +0 rapier.
You are too injured to fight recklessly!
You are too injured to fight recklessly!
You hit Eustachio. You burn Eustachio.
Eustachio is moderately wounded.
Eustachio gestures wildly while chanting.
Eustachio blinks!
The white imp attacks as you move away! The white imp hits you.
The white imp freezes you.
There is a stone staircase leading down, spattered with blood here.
You climb downwards.
There is a stone staircase leading up, spattered with blood here.
You start resting.
HP restored.
You can't go down here!
You climb upwards.
Level annotation: Eustachio
There is a stone staircase leading down, spattered with blood here.
Eustachio mumbles some strange words.
The ufetubus closely misses you. The ufetubus barely misses you.
You hit the ufetubus. You burn the ufetubus. Your kick misses the ufetubus.
The ufetubus is almost dead.
The ufetubus hits you but does no damage.
The ufetubus misses you.
The ufetubus hits you but does no damage. x2
You barely miss the ufetubus. You punch the ufetubus.
You kill the ufetubus!
The ufetubus disappears in a puff of smoke!
Eustachio gestures wildly while chanting.
You barely miss the rat. Your kick misses the rat. The rat barely misses you.
You hit the rat. You burn the rat.
You kill the rat!
The rat's corpse disappears in a puff of smoke!
You closely miss Eustachio. Your kick misses Eustachio.
Eustachio is lightly wounded.
Eustachio hits you with a +0 rapier.
You miss Eustachio. Your kick misses Eustachio.
Eustachio is lightly wounded.
Eustachio barely misses you.
You closely miss Eustachio.
Eustachio is lightly wounded.
Eustachio utters an oath, "I will die for my friends!"
Eustachio hits you with a +0 rapier.
You hit Eustachio. You burn Eustachio. You kick Eustachio, but do no damage.
Eustachio is moderately wounded.
Eustachio hits you with a +0 rapier.
You hit Eustachio. You burn Eustachio. Your kick misses Eustachio.
Eustachio is moderately wounded.
Eustachio barely misses you.
You closely miss Eustachio. You kick Eustachio.
Eustachio is moderately wounded.
Eustachio hits you with a +0 rapier.
You closely miss Eustachio. Your kick misses Eustachio.
Eustachio is moderately wounded.
Eustachio hits you but does no damage. Eustachio hits you with a +0 rapier.
You miss Eustachio. You kick Eustachio.
Eustachio is moderately wounded.
Eustachio says, "Summoning is fun!"
Eustachio barely misses you.
You barely miss Eustachio.
Eustachio is moderately wounded.
Eustachio casts a spell.
Eustachio blinks!
The bat hits you. The bat hits you but does no damage.
You closely miss the bat. Your kick misses the bat.
The bat hits you but does no damage. The bat closely misses you.
The bat barely misses you. The bat completely misses you.
The bat hits you but does no damage.
There is a stone staircase leading down, spattered with blood here.
You miss the bat. Your kick misses the bat. The bat hits you.
The bat closely misses you. The bat hits you but does no damage.
Eustachio gestures wildly while chanting.
You hit the bat but do no damage. Your kick misses the bat.
The bat hits you but does no damage. The bat barely misses you.
The bat hits you but does no damage. The bat hits you but does no damage. x2
You hit the bat. You burn the bat.
You kill the bat!
The bat's corpse disappears in a puff of smoke!
The bat closely misses you.
You hit Eustachio but do no damage. Your kick misses Eustachio.
Eustachio is moderately wounded.
The bat barely misses you.
Eustachio gestures wildly while chanting.
The bat barely misses you.
You closely miss Eustachio.
Eustachio is moderately wounded.
The bat hits you but does no damage. The bat barely misses you.
Eustachio closely misses you.
You barely miss Eustachio. Your kick misses Eustachio.
Eustachio is moderately wounded.
The bat closely misses you. The bat hits you but does no damage.
Eustachio hits you with a +0 rapier.
You hit Eustachio but do no damage.
Eustachio is moderately wounded.
The bat barely misses you.
Eustachio gestures wildly while chanting.
The bat hits you but does no damage.
You barely miss Eustachio.
Eustachio is moderately wounded.
The quasit disappears in a puff of smoke!
Eustachio hits you with a +0 rapier. The bat closely misses you.
The white imp shouts, "Leave, thou peeagling saucy maggot-pie!"
The white imp closely misses you.
Eustachio gestures wildly while chanting.
Eustachio blinks!
You hit Eustachio. You burn Eustachio.
Eustachio is heavily wounded.
The bat hits you but does no damage. The white imp barely misses you.
Eustachio hits you but does no damage.
You miss Eustachio. Your kick misses Eustachio.
Eustachio is heavily wounded.
The bat hits you but does no damage. The quokka bites you.
The white imp misses you.
Eustachio mumbles some strange words.
Eustachio blinks!
The quokka attacks as you move away!
The quokka bites you but does no damage.
The white imp attacks as you move away!
The white imp hits you but does no damage.
The bat completely misses you. The bat barely misses you.
The quokka barely misses you.
There is a stone staircase leading down, spattered with blood here.
You closely miss the bat. Your kick misses the bat.
The bat hits you but does no damage. x2; The quokka closely misses you.
The white imp misses you.
You closely miss the bat. Your kick misses the bat. The bat closely misses you.
The bat hits you but does no damage. The quokka closely misses you.
The white imp hits you but does no damage.
You barely miss the bat. You kick the bat.
You kill the bat!
The bat's corpse disappears in a puff of smoke!
The quokka barely misses you. The white imp gestures at you.
The puff of frost hits you.
Eustachio casts a spell.
Eustachio blinks!
The quokka closely misses you.
You swing at nothing.
The quokka misses you. The white imp gestures at you.
The puff of frost hits you.
Eustachio mumbles some strange words.
Eustachio blinks!
You swing at nothing.
The quokka bites you.
* * * LOW HITPOINT WARNING * * *
The white imp hits you but does no damage.
The quokka bites you but does no damage.
The white imp gestures at you. The puff of frost misses you.
The quokka bites you.
* * * LOW HITPOINT WARNING * * *
You climb downwards.
There is a stone staircase leading up, spattered with blood here.
You start resting.
HP restored.
You can't go down here!
You climb upwards.
Level annotation: Eustachio Eustachio gestures wildly while chanting.
Eustachio blinks!
Eustachio screams, "At last I'll have my revenge!"
There is a stone staircase leading down, spattered with blood here.
Eustachio mumbles some strange words.
Eustachio calls on the powers of shadow!
Eustachio mumbles some strange words.
The rat barely misses you.
You hit the rat. You burn the rat. Your kick misses the rat.
The rat is severely wounded.
Eustachio casts a spell.
Eustachio blinks!
The rat barely misses you.
You hit the rat. You burn the rat.
You kill the rat!
The rat's corpse disappears in a puff of smoke!
You hit the crimson imp.
The crimson imp is lightly wounded.
The crimson imp blinks!
The crimson imp barely misses you.
You hit the crimson imp but do no damage.
Your kick misses the crimson imp. The crimson imp hits you.
The iron imp shouts, "Give up, thou fulsome weevil-witted serf!"
You hit the crimson imp. Your kick misses the crimson imp.
The crimson imp is moderately wounded.
Eustachio casts a spell.
Eustachio blinks!
The crimson imp hits you but does no damage.
The iron imp hits you.
You hit the crimson imp. You kick the crimson imp.
The crimson imp is almost dead.
The crimson imp closely misses you. The iron imp hits you.
You miss the crimson imp.
You kick the crimson imp, but do no damage.
The crimson imp is severely wounded.
The crimson imp closely misses you.
The iron imp hits you but does no damage.
The crimson imp hits you but does no damage.
There is a stone staircase leading down, spattered with blood here.
You closely miss the crimson imp.
The crimson imp is severely wounded.
The crimson imp hits you but does no damage.
You hit the crimson imp.
The crimson imp is almost dead.
The crimson imp blinks!
The iron imp hits you but does no damage.
You barely miss the iron imp.
Eustachio brags, "I can call spirits from the vasty deep."
You closely miss the iron imp.
The crimson imp disappears in a puff of smoke!
The iron imp hits you but does no damage.
The iron imp hits you.
You hit the iron imp but do no damage.
The iron imp disappears in a puff of smoke!
The iron imp barely misses you.
You hit the iron imp but do no damage. Your kick misses the iron imp.
Eustachio mumbles some strange words.
The iron imp closely misses you.
You hit the iron imp but do no damage. You kick the iron imp.
The iron imp is lightly wounded.
Eustachio mumbles some strange words.
Eustachio blinks!
The white imp gestures at you. The puff of frost hits you.
The iron imp barely misses you.
You hit the iron imp but do no damage.
The iron imp is lightly wounded.
You hit the iron imp but do no damage. Your kick misses the iron imp.
The iron imp is lightly wounded.
The iron imp barely misses you. The white imp barely misses you.
You hit the iron imp. You kick the iron imp.
The iron imp is severely wounded.
The iron imp disappears in a puff of smoke!
Eustachio mumbles some strange words.
The white imp gestures at you. The puff of frost hits you!
You hit the white imp. You burn the white imp. You kick the white imp.
The white imp is almost dead.
The white imp gestures at you.
The puff of frost hits you but does no damage.
Eustachio hits you with a +0 rapier. The iron imp hits you.
* * * LOW HITPOINT WARNING * * *
The white imp gestures at you. The puff of frost hits you.
* * * LOW HITPOINT WARNING * * *
You climb downwards.
The white imp disappears in a puff of smoke!
The iron imp disappears in a puff of smoke!
The crimson imp disappears in a puff of smoke!
There is a stone staircase leading up, spattered with blood here.
You closely miss Eustachio.
Eustachio is lightly wounded.
Eustachio barely misses you.
You hit Eustachio. You burn Eustachio. Your kick misses Eustachio.
Eustachio is moderately wounded.
Eustachio gestures wildly while chanting.
Eustachio hits you with a +0 rapier.
* * * LOW HITPOINT WARNING * * *
You hit Eustachio. You burn Eustachio. Your kick misses Eustachio.
You punch Eustachio, but do no damage.
Eustachio is moderately wounded.
Eustachio closely misses you.
You hit Eustachio but do no damage. You kick Eustachio.
Eustachio is heavily wounded.
The iron imp hits you.
* * * LOW HITPOINT WARNING * * *
Eustachio hits you with a +0 rapier.
* * * LOW HITPOINT WARNING * * *
A demonic guardian appears!
You hit Eustachio. You burn Eustachio. Your kick misses Eustachio.
Eustachio is heavily wounded.
The iron imp grinds its teeth.
The iron imp completely misses you.
Eustachio gestures wildly while chanting.
Your orange demon stings the iron imp!
Your orange demon hits the iron imp.
The iron imp looks weaker.
The iron imp disappears in a puff of smoke! x2
Eustachio calls on the powers of shadow!
Your orange demon misses Eustachio.
The white imp hits you.
* * * LOW HITPOINT WARNING * * *
The white imp freezes you.
* * * LOW HITPOINT WARNING * * *
You swap places.
The iron imp hits you.
* * * LOW HITPOINT WARNING * * *
Eustachio hits your orange demon with a +0 rapier.
Your orange demon closely misses Eustachio.
Your orange demon hits Eustachio.
The crimson imp blinks!
The white imp barely misses your orange demon.
What are your orders? t - Shout!
Orders for allies: a - Attack new target. r - Retreat! s - Stop attacking. g - Guard the area. f - Follow me.
Anything else - Cancel.
Gang up on whom?
Press: ? - help, Dir - move target, f - Eustachio
Aim: Eustachio, wielding a +0 rapier and wearing a +2 leather armour of cold resistance (severely wounded, ally target) Attack!
The iron imp hits you!
You die...

#..........≈≈≈≈≈~≈≈ ≈≈.≈≈≈≈≈~≈≈≈≈
#.........~≈♣♣♣≈~≈♣ ♣≈~≈♣ ♣≈.≈♣♣♣
#..........≈♣ ♣≈~≈♣ ♣≈.≈♣ ♣≈~≈♣ ♣
#..........≈♣♣♣≈~≈♣♣♣≈.≈♣♣♣≈~≈♣♣♣
##..###....≈≈≈≈≈~≈5≈≈≈~≈≈≈≈≈~≈≈≈≈
##..###...~~~~~~~~.~.~~..~)......
#.........................)......
#.............55................#
#...........§.@4@...............#
'.............<.##....##........#
#.5.##....####+###....##...##...#
#.r.##....###...##....##+####...#
................................#
..>........................######
5..........................#
..............(.########...#
................# +###


You could see Eustachio (ally target), an iron imp (summoned), a crimson imp
(summoned), a white imp (summoned) and a friendly orange demon (summoned).

Vanquished Creatures
  Grinder (D:3)
  A scorpion (D:3)
  A necrophage (D:4)
  Jessica (D:3)
  An iguana (D:4)
  A gnoll (D:1)
  5 adders
  2 worms
  A dart slug (D:2)
  An orc (D:4)
  11 endoplasms
  A giant cockroach (D:1)
  2 goblins
  9 hobgoblins
  3 jackals
  4 quokkas
  6 ball pythons
  2 bats (D:1)
  5 frilled lizards
  7 kobolds
  6 rats
71 creatures vanquished.

Vanquished Creatures (collateral kills)
  A bullfrog (D:3)
  A jackal (D:4)
  A quokka (D:2)
3 creatures vanquished.

Grand Total: 74 creatures vanquished

Notes
Turn   | Place    | Note
-------+----------+-------------------------------------------
     0 | D:1      | sleeves the Demonspawn Cinder Acolyte began the quest for
                  | the Orb.
     0 | D:1      | Reached XP level 1. HP: 18/18 MP: 2/2
    31 | D:1      | HP: 9/18 [frilled lizard (2)]
   123 | D:1      | Reached skill level 1 in Armour
   268 | D:1      | Gained mutation: You are partially covered in razor-sharp
                  | scales. (AC +1, Slay +1) [demonic ancestry]
   268 | D:1      | Reached XP level 2. HP: 22/24 MP: 3/3
   326 | D:1      | HP: 5/24 [gnoll/+0 flail (9)]
   331 | D:1      | Reached skill level 2 in Armour
   340 | D:1      | HP: 8/24 [rat (1)]
   654 | D:1      | Gained mutation: A weak demonic guardian rushes to your
                  | aid. [demonic ancestry]
   654 | D:1      | Reached XP level 3. HP: 25/29 MP: 4/4
  1286 | D:2      | Reached skill level 3 in Armour
  1355 | D:2      | HP: 12/29 [adder (3)]
  1360 | D:2      | Gained mutation: You regenerate a little health from kills.
                  | [demonic ancestry]
  1360 | D:2      | Reached XP level 4. HP: 15/35 MP: 5/5
  1647 | D:2      | Found a faded altar of an unknown god.
  1785 | D:3      | Noticed a scorpion
  1796 | D:3      | HP: 17/35 [poisoned by a scorpion]
  1801 | D:3      | HP: 14/35 [poisoned by a scorpion]
  1802 | D:3      | Killed a scorpion
  1803 | D:3      | Reached skill level 4 in Armour
  1803 | D:3      | Gained mutation: You have large cloven feet. [demonic
                  | ancestry]
  1803 | D:3      | Reached XP level 5. HP: 21/41 MP: 6/6
  2020 | D:3      | Found a stormy altar of Qazlal.
  2252 | D:3      | Noticed Grinder
  2256 | D:3      | Paralysed by Grinder for 2 turns
  2274 | D:3      | HP: 19/41 [Grinder (2)]
  2278 | D:3      | Paralysed by Grinder for 4 turns
  2282 | D:3      | HP: 19/41 [Grinder/nerve-wracking pain (2)]
  2286 | D:3      | HP: 8/41 [Grinder/puff of flame (4)]
  2289 | D:3      | Killed Grinder
  2290 | D:3      | Reached skill level 3 in Long Blades
  2290 | D:3      | Reached skill level 5 in Armour
  2290 | D:3      | Reached XP level 6. HP: 8/47 MP: 7/7
  2437 | D:3      | Found a shadowy altar of Dithmenos.
  2522 | D:3      | Noticed Jessica
  2530 | D:3      | Killed Jessica
  2676 | D:3      | Reached skill level 4 in Long Blades
  3014 | D:4      | Gained mutation: A demonic guardian rushes to your aid.
                  | [demonic ancestry]
  3014 | D:4      | Reached XP level 7. HP: 49/52 MP: 8/8
  3049 | D:4      | Noticed Eustachio
  3089 | D:4      | HP: 26/52 [rat[Eustachio] (3)]
  3094 | D:4      | HP: 22/52 [Eustachio/+0 rapier (3)]
  3313 | D:4      | HP: 22/52 [iron imp[Eustachio] (8)]
  3653 | D:3      | HP: 25/52 [iron imp[Eustachio] (2)]
  3896 | D:3      | HP: 25/52 [quokka[Eustachio] (2)]
  4018 | D:3      | HP: 23/52 [iron imp[Eustachio] (4)]
  4023 | D:4      | HP: 11/52 [iron imp[Eustachio] (3)]
  4026 | D:4      | HP: 1/52 [iron imp[Eustachio] (6)]
  4027 | D:4      | Mangled by an iron imp

Illustrated notes

Levels and vault maps discovered:
D:1:      ncdulo_halloftheorcs, layout_loops_ring
D:2:      layout_rooms, hellmonk_ecumenical_altar_leap_of_faith
D:3:      layout_loops_ring, grunt_dithmenos_smoke, lemuel_tele_altar,
          uniq_jessica, uniq_grinder
D:4:      layout_gridville, kennysheep_boxes, uniq_eustachio

Skill      XL: |  1  2  3  4  5  6 |
---------------+-------------------+-----
Armour         | 1 2 3 4 5 |  5.8
Long Blades    | 3 4 |  4.3
Fighting       | |  3.0
Spellcasting   | |  1.0
Fire Magic     | |  2.6

Action                   |  1- 3 |  4- 6 |  7- 9 || total
-------------------------+-------+-------+-------++-------
Melee: Falchion          |   153 |   153 |    93 ||   399
       Punch             |     2 |     3 |     2 ||     7
       Kick              |       |    27 |    19 ||    46
Throw: Dart              |       |     2 |       ||     2
       Boomerang         |       |    11 |       ||    11
Invok: Fiery Armour      |       |     1 |       ||     1
  Use: Potion            |       |     2 |       ||     2
Armor: Robe              |    23 |       |       ||    23
       Ring mail         |    20 |    75 |    68 ||   163
Dodge: Dodged            |   100 |    76 |   104 ||   280

Table legend: (Time is in decaauts)
 A = Elapsed time spent in this place.
 B = Non-inter-level travel time spent in this place.
 C = Inter-level travel time spent in this place.
 D = Time resting spent in this place.
 E = Time spent auto-exploring this place.
 F = Levels seen in this place.
 G = Mean time per level.
                   A        B        C        D        E       F      G
               +--------+--------+--------+--------+--------+-----+--------+
         Total |   4082 |   3803 |    279 |    970 |   1938 |   4 | 1020.5 |
       Dungeon |   4082 |   3803 |    279 |    970 |   1938 |   4 | 1020.5 |
               +--------+--------+--------+--------+--------+-----+--------+

Top non-repeatable levels by time:
     D:3: 1704 daAuts
     D:1: 1020 daAuts
     D:2: 765 daAuts
     D:4: 592 daAuts
